 Dungeon Crawl Stone Soup version 0.30-b1-2-g02819fbbbe (webtiles) character file.

Game seed: 6738026879963822063

(classic levelgen) 76 EnegeticOcto the Shield-Bearer (level 4, -1/38 (40) HPs)
             Began as a Minotaur Fighter on May 8, 2023.
             Slain by Crazy Yiuf
             ... wielding a +3 quarterstaff of chaos
              (3 damage)
             ... on level 2 of the Dungeon.
             The game lasted 00:00:42 (1739 turns).

EnegeticOcto the Shield-Bearer (Minotaur Fighter)   Turns: 1739, Time: 00:00:43

HP:   -1/38 (40)    AC:  7    Str: 22    XL:     4   Next: 12%
MP:   0/3           EV:  9    Int:  5    God:
Gold: 106           SH:  4    Dex: 10    Spells: 3/3 levels left

rFire   . . .        a - +0 war axe
rCold   . . .        c - +0 buckler
rNeg    . . .        b - +0 scale mail
rPois   .            (helmet restricted)
rElec   .            (no cloak)
rCorr   .            (no gloves)
SInv    .            (no boots)
Will    .....        (no amulet) Stlth
                     (no ring)
HPRegen 0.26/turn    (no ring)
MPRegen 0.08/turn

%: no passive effects
@: drained
A: horns 2, retaliatory headbutt
a: no special abilities


You were on level 2 of the Dungeon.
You visited 1 branch of the dungeon, and saw 2 of its levels.

You collected 106 gold pieces.

Inventory:

Hand Weapons
 a - a +0 war axe (weapon)
Armour
 b - a +0 scale mail (worn)
 c - a +0 buckler (worn)
Scrolls
 e - 2 scrolls of identify {unknown}
 f - a scroll of magic mapping {unknown}
 g - 2 scrolls of silence {unknown}
 i - 2 scrolls of fear {unknown}
 l - a scroll of enchant weapon {unknown}
Potions
 d - a potion of might {@q3}
 h - 2 potions of curing {unknown}
 j - a potion of ambrosia {unknown}
 k - a potion of invisibility {unknown}


   Skills:
 + Level 4.2 Fighting
 * Level 3.9 Axes
 + Level 4.2 Armour
 + Level 4.2 Shields


You had 3 spell levels left.
You didn't know any spells.
Your spell library was empty.

Dungeon Overview and Level Annotations

Branches:
Dungeon (2/15)

Altars:

Annotations:
D:2 Crazy Yiuf


Innate Abilities, Weirdness & Mutations

You have a pair of horns on your head.
You reflexively headbutt those who attack you in melee.


Message History

Things that are here:
a +0 whip; 4 stones
g - 2 scrolls labelled YDDYSO QYCSOD (gained 1)
Found a scale mail.
Found 9 stones.
A giant cockroach comes into view.
You block the giant cockroach's attack.
You hit the giant cockroach but do no damage.
You block the giant cockroach's attack.
The giant cockroach bites you but does no damage.
You hit the giant cockroach but do no damage.
The giant cockroach closely misses you. You furiously retaliate!
You headbutt the giant cockroach!
You kill the giant cockroach!
No target in view!
No target in view!
Found an escape hatch in the ceiling.
Found a stone staircase leading down.
Found 6 stones.
Found a pair of gloves.
You see here a +0 pair of gloves.
There is an escape hatch in the ceiling here.
Terence the Incautious comes into view.
He is wielding a +1 flail of protection.
Terence shouts!
Terence hits you with a +1 flail of protection.
You hit Terence but do no damage. You block Terence's attack.
You barely miss Terence. You block Terence's attack.
Terence closely misses you. You furiously retaliate!
You headbutt Terence. You hit Terence but do no damage.
Terence is lightly wounded.
Terence barely misses you.
You hit Terence. Your headbutt misses Terence.
Terence is moderately wounded.
Terence hits you with a +1 flail of protection.
You hit Terence but do no damage.
Terence is moderately wounded.
Terence hits you but does no damage. You block Terence's attack.
You closely miss Terence.
Terence is moderately wounded.
Terence hits you with a +1 flail of protection.
You barely miss Terence.
Terence is moderately wounded.
Terence hits you but does no damage.
You slash Terence!
Terence is severely wounded.
Terence barely misses you. Terence closely misses you. You furiously retaliate!
You headbutt Terence.
Terence is nearby!
You barely miss Terence. You headbutt Terence, but do no damage.
Terence is severely wounded.
Terence barely misses you.
You barely miss Terence.
Terence is severely wounded.
Terence barely misses you.
You barely miss Terence.
Terence is severely wounded.
Terence looks scornfully at you.
Terence hits you with a +1 flail of protection!
You slash Terence!
You kill Terence!
You have reached level 4!
You feel agile.
Things that are here:
a +1 flail of protection; a +0 ring mail; the human corpse of Terence Crazy Yiuf shouts!
Could not explore, unopened runed door.
Could not explore, unopened runed door.
Could not explore, unopened runed door.
Could not explore, unopened runed door.
No reachable target in view!
You open the door. You hit Crazy Yiuf but do no damage.
Crazy Yiuf cries, "You leg down broken song, no?"
Crazy Yiuf hits you with a +3 quarterstaff of chaos.
Crazy Yiuf burns you.
You hit Crazy Yiuf.
Crazy Yiuf is lightly wounded.
Crazy Yiuf hits you with a +3 quarterstaff of chaos!
Crazy Yiuf grits, "Mugger!
Two forty-two blue."
Crazy Yiuf hits you with a +3 quarterstaff of chaos!
You feel your power leaking away.
You are too injured to fight recklessly!
You are too injured to fight recklessly!
You are too injured to fight recklessly!
You are too injured to fight recklessly!
You are too injured to fight recklessly!
You are too injured to fight recklessly!
You are too injured to fight recklessly!
You are too injured to fight recklessly!
You are too injured to fight recklessly!
You are too injured to fight recklessly!
You hit Crazy Yiuf but do no damage.
Crazy Yiuf is lightly wounded.
Crazy Yiuf hits you with a +3 quarterstaff of chaos.
You barely miss Crazy Yiuf. Your headbutt misses Crazy Yiuf.
Crazy Yiuf is lightly wounded.
Crazy Yiuf hits you with a +3 quarterstaff of chaos!
* * * LOW HITPOINT WARNING * * *
You feel drained.
You die...

### ### ..# #### #.#
#..# #.####.##
........#######
#.####.#....#.###
### #.#
#....PP.#..##...#
..#
#......####@g...#
..# #.....## ###..)#
#.# ####### ###
#<###### .......##
.<####..###########
..####............#
.##........###...##
.##.##.....##.....##


You could see Crazy Yiuf.

Vanquished Creatures
  Terence (D:2)
  A worm (D:2)
  10 ball pythons
  4 bats
  4 endoplasms (D:1)
  2 giant cockroaches (D:2)
  A goblin (D:1)
  6 hobgoblins
  5 kobolds
  2 quokkas
  4 frilled lizards
  6 rats (D:1)
46 creatures vanquished.

Notes
Turn   | Place    | Note
-------+----------+-------------------------------------------
     0 | D:1      | EnegeticOcto the Minotaur Fighter began the quest for the
                  | Orb.
     0 | D:1      | Reached XP level 1. HP: 19/19 MP: 0/0
   133 | D:1      | Reached XP level 2. HP: 27/27 MP: 1/1
   591 | D:1      | Reached XP level 3. HP: 29/33 MP: 2/2
  1210 | D:2      | Found a runed translucent door.
  1211 | D:2      | Noticed Crazy Yiuf
  1586 | D:2      | Noticed Terence
  1600 | D:2      | Killed Terence
  1601 | D:2      | Reached XP level 4. HP: 21/40 MP: 3/3
  1739 | D:2      | HP: 2/40 [Crazy Yiuf/+3 quarterstaff of chaos (14)]
  1739 | D:2      | Slain by Crazy Yiuf

Illustrated notes

Levels and vault maps discovered:
D:1:      evilmike_arrival_plus, layout_basic, minmay_distorted
D:2:      layout_loops_cross, glass_columns_b, uniq_terence,
          uniq_crazy_yiuf_cottage

Skill      XL: |  1  2  3 |
---------------+----------+-----
Axes           | 3 |  3.9
Shields        | 4 |  4.2
Armour         | 4 |  4.2
Fighting       | 4 |  4.2

Action                     |  1- 3 |  4- 6 || total
---------------------------+-------+-------++-------
  Melee: War axe           |   111 |     4 ||   115
         Headbutt          |    11 |       ||    11
 Armour: Scale mail        |    42 |       ||    42
  Dodge: Dodged            |    45 |       ||    45
  Block: Buckler           |    33 |       ||    33
